 Dungeon Crawl Stone Soup version 0.21-a0-283-g622b906 (webtiles) character file.

13553 nikopol the Thaumaturge (level 11, -10/56 HPs)
             Began as a Deep Elf Fire Elementalist on Sept 24, 2017.
             Was a High Priest of Sif Muna.
             Killed from afar by a fire dragon (39 damage)
             ... with a blast of flame
             ... summoned by an efreet
             ... on level 11 of the Dungeon.
             The game lasted 01:18:16 (17124 turns).

nikopol the Thaumaturge (DEFE)                     Turns: 17124, Time: 01:18:17

Health: -10/56     AC:  9    Str:  5    XL:     11   Next: 77%
Magic:  25/31      EV: 14    Int: 27    God:    Sif Muna [*****.]
Gold:   799        SH:  4    Dex: 18    Spells: 24/38 levels left

rFire    . . .     SeeInvis .   x - +1 falchion (freeze)
rCold    . . .     Gourm    .   (no shield)
rNeg     . . .     Faith    .   Z - +2 robe
rPois    .         Spirit   .   u - +1 helmet
rElec    .         Reflect  +   H - scarf {cloud immunity}
rCorr    .         Harm     .   h - +2 pair of gloves {Dex+3}
MR       ++...                  (no boots)
Stlth    +++.......             Q - +4 amulet of reflection
HPRegen  0.18/turn              r - ring of protection from magic
MPRegen  0.22/turn              W - +3 ring of intelligence

@: no status effects
A: no striking features
a: Divine Energy, Channel Magic, Forget Spell, Renounce Religion


You were on level 11 of the Dungeon.
You worshipped Sif Muna.
Sif Muna was extremely pleased with you.
You were hungry.

You visited 2 branches of the dungeon, and saw 12 of its levels.
You also visited: Sewer.

You collected 799 gold pieces.

Inventory:

Hand Weapons
 x - a +1 falchion of freezing (weapon)
Armour
 h - a +2 pair of gloves of dexterity (worn)
 u - a +1 helmet (worn)
 H - a scarf of cloud immunity (worn)
 Z - a +2 robe (worn)
Jewellery
 l - an uncursed ring of resist corrosion
 m - an uncursed ring of protection from fire
 r - a ring of protection from magic (left hand)
 Q - a +4 amulet of reflection (around neck)
 W - a +3 ring of intelligence (right hand)
Wands
 v - a wand of confusion (44/48)
 J - a wand of disintegration (4/24)
 R - a wand of paralysis (11/24)
 Y - a wand of confusion (29/48)
Scrolls
 a - a scroll of fog {unknown}
 j - 7 scrolls of identify
 o - 7 scrolls of recharging
 p - 5 scrolls of remove curse
 y - a scroll of enchant armour {unknown}
 z - 2 scrolls of blinking
 D - 3 scrolls of enchant weapon {unknown}
 G - 5 scrolls of teleportation {unknown}
 I - a scroll of vulnerability {unknown}
 M - 2 scrolls of immolation {unknown}
 O - 3 scrolls of magic mapping {unknown}
 S - a scroll of noise {unknown}
 T - a scroll of amnesia {unknown}
Potions
 d - a potion of magic {unknown}
 e - 2 potions of cancellation {unknown}
 f - a potion of degeneration {unknown}
 g - 5 potions of haste
 k - 6 potions of agility {unknown}
 q - 3 potions of lignification {unknown}
 w - 7 potions of might {unknown}
 A - 2 potions of heal wounds {unknown}
 B - 13 potions of curing
 C - a potion of ambrosia {unknown}
 E - 3 potions of brilliance {unknown}
 F - 2 potions of flight {unknown}
 N - a potion of berserk rage {unknown}
Books
 b - a book of Flames

   Spells                             Type                      Level
   a - Flame Tongue                   Conjuration/Fire             1
   b - Throw Flame                    Conjuration/Fire             2
   c - Conjure Flame                  Conjuration/Fire             3
   d - Inner Flame                    Hexes/Fire                   3
   e - Sticky Flame                   Conjuration/Fire             4
   f - Fireball                       Conjuration/Fire             5
 V - a book of Maledictions

   Spells                             Type                      Level
   a - Corona                         Hexes                        1
   b - Ensorcelled Hibernation        Hexes/Ice                    2
   c - Confuse                        Hexes                        3
   d - Tukima's Dance                 Hexes                        3
   e - Dazzling Spray                 Conjuration/Hexes            3
 X - Mabeurog's Grimoire of Lucky Evil
   (Sif Muna gifted it to you on level 10 of the Dungeon)

   Spells                             Type                      Level
   a - Infusion                       Charms                       1
   b - Animate Skeleton               Necromancy                   1
   c - Vampiric Draining              Necromancy                   3
   d - Iskenderun's Battlesphere      Conjuration/Charms           5
   e - Dispel Undead                  Necromancy                   5
   f - Ring of Flames                 Charms/Fire                  7
   g - Borgnjor's Revivification      Necromancy                   8
Comestibles
 c - 4 bread rations
 n - 6 meat rations
 s - 3 royal jellies
 t - 4 fruits


   Skills:
 + Level 1.3 Fighting
 + Level 1.0 Long Blades
 + Level 3.9 Dodging
 + Level 4.8 Stealth
 + Level 14.4 Spellcasting
 + Level 11.2 Conjurations
 + Level 11.7 Fire Magic


You had 24 spell levels left.
You knew the following spells:

 Your Spells              Type           Power        Failure   Level  Hunger
a - Flame Tongue          Conj/Fire      #####        1%          1    None
b - Throw Flame           Conj/Fire      ######       1%          2    None
c - Conjure Flame         Conj/Fire      ######..     1%          3    None
d - Fireball              Conj/Fire      ######....   1%          5    #......
e - Dazzling Spray        Conj/Hex       #####.       1%          3    None


Dungeon Overview and Level Annotations

Branches:
Dungeon (11/15)            Temple (1/1) D:4            Lair (0/6) D:8
    Orc: D:9-12

Altars:
Ashenzari
Cheibriados
Dithmenos
Elyvilon
Fedhas
Gozag
Hepliaklqana
Kikubaaqudgha
Makhleb
Nemelex Xobeh
Okawaru
Qazlal
Ru
Sif Muna
Trog
Uskayaw
Vehumet
Wu Jian
Xom
Yredelemnul
Zin

Shops:
D:5 [   D:7 [

Annotations:
D:4 Nattefrost's ghost, novice HuHu


Message History

Confirm with . or Enter, or press ? or * to list all spells.
Aiming: Dazzling Spray
Press: ? - help, Shift-Dir - straight line, f - efreet
Aim: an efreet, wielding a scimitar of flaming and wearing a robe (hasn't noticed you)
The spray of energy hits the efreet.
The efreet gestures at you. The bolt of fire hits you!
Casting: Dazzling Spray
Confirm with . or Enter, or press ? or * to list all spells.
Aiming: Dazzling Spray
Press: ? - help, Shift-Dir - straight line, f/p - efreet
Aim: an efreet, wielding a scimitar of flaming and wearing a robe The spray of energy hits the efreet.
The efreet is lightly wounded.
The efreet reads a scroll.
Wisps of shadow swirl around the efreet.
The fire dragon breathes flames at you. The blast of flame hits you!
Ouch! That really hurt!
You die...

.## # ..# ยง##..###.
#R....... ###.D.....#
#..c....# #.......#
#.....# ### #@...## ######
###.#########....##
##....##
###>.......#........#
##.###..#
#...................#
##.## ##..
###############.....###.##
##. #.....#...# ##. ####
#...###..## #..
##..######..## ##..## #..
# #..........># ##..# ##..


You could see a fire dragon, an efreet and a centaur.

Vanquished Creatures
  Josephine (D:10)
  A two-headed ogre (D:9)
  A cyclops (D:9)
  A komodo dragon (D:8)
  A troll (D:7)
  3 hornets
  Grinder (D:4)
  A hippogriff (D:7)
  Sigmund (D:3)
  4 wraiths (D:10)
  12 yaks
  2 humans (D:7)
  Eustachio (D:4)
  A hungry ghost (D:10)
  Menkaure (D:4)
  An acid dragon (D:9)
  2 water moccasins
  Duvessa (D:4)
  Purgy (D:4)
  A black bear (D:9)
  2 orc warriors
  A hornet zombie (D:7)
  3 ice beasts
  4 sky beasts
  2 necrophages (D:7)
  4 phantoms
  11 ogres
  6 centaurs
  4 big kobolds
  5 bullfrogs
  Dowan (D:4)
  A gnoll sergeant (D:5)
  4 scorpions
  6 killer bees (D:11)
  9 wights
  3 howler monkeys
  A crimson imp (D:10)
  A bullfrog zombie (D:7)
  A centaur zombie (D:5)
  7 hounds
  2 quasits
  5 jellies
  A bullfrog skeleton (D:10)
  4 orc priests
  2 centaur skeletons
  12 orc wizards
  An iguana (D:10)
  Ijyb (D:3)
  Natasha (thrice) (D:3)
  10 worker ants
  2 killer bee zombies
  A hound zombie (D:10)
  A hound skeleton (D:6)
  A mummy (D:7)
  4 worker ant zombies
  Robin (D:4)
  12 gnolls
  A howler monkey skeleton (D:5)
  17 adders
  9 river rats (Sewer)
  3 oozes
  2 adder skeletons
  2 worms
  2 dart slugs
  8 leopard geckos
  46 orcs
  7 ball pythons
  8 bats
  A bat zombie (D:1)
  9 giant cockroaches
  10 goblins
  10 hobgoblins
  9 jackals
  5 quokkas
  6 frilled lizards
  A giant cockroach zombie (D:1)
  40 kobolds
  A quokka skeleton (D:7)
  19 rats
393 creatures vanquished.

Vanquished Creatures (others)
  A hound skeleton (D:11)
  2 plants (D:8)
3 creatures vanquished.

Grand Total: 396 creatures vanquished

Notes
Turn   | Place    | Note
-------+----------+-------------------------------------------
     0 | D:1      | nikopol the Deep Elf Fire Elementalist began the quest for the Orb.
     0 | D:1      | Reached XP level 1. HP: 10/10 MP: 6/6
    77 | D:1      | Found a shattered altar of Ashenzari.
   129 | D:1      | Reached XP level 2. HP: 15/15 MP: 4/8
   631 | D:1      | Reached XP level 3. HP: 15/19 MP: 0/9
  1214 | D:2      | Reached skill level 4 in Spellcasting
  1291 | D:2      | Found a glowing silver altar of Zin.
  1520 | D:2      | Reached XP level 4. HP: 24/24 MP: 9/12
  2231 | D:3      | Noticed Ijyb
  2264 | D:3      | Killed Ijyb
  2264 | D:3      | Reached XP level 5. HP: 10/28 MP: 9/14
  2549 | D:3      | Reached skill level 5 in Spellcasting
  2709 | D:3      | Noticed Sigmund
  2735 | D:3      | Learned a level 2 spell: Throw Flame
  2741 | D:2      | Learned a level 3 spell: Conjure Flame
  2843 | D:3      | Noticed Natasha
  2848 | D:3      | Killed Natasha
  2974 | D:3      | Noticed Natasha
  2978 | D:3      | Killed Natasha
  2978 | D:3      | Reached skill level 5 in Fire Magic
  2978 | D:3      | Reached XP level 6. HP: 33/33 MP: 8/16
  3072 | D:3      | Noticed Natasha
  3077 | D:3      | Killed Natasha
  3097 | D:3      | Learned a level 5 spell: Fireball
  3232 | D:4      | Noticed Duvessa
  3232 | D:4      | Noticed Dowan
  3232 | D:4      | Noticed Robin
  3266 | D:3      | Killed Sigmund
  3266 | D:3      | Reached skill level 6 in Spellcasting
  3419 | D:4      | Reached skill level 1 in Fighting
  3419 | D:4      | Reached XP level 7. HP: 38/38 MP: 11/18
  3468 | D:4      | Noticed Menkaure
  3473 | D:4      | Killed Menkaure
  3473 | D:4      | Reached skill level 7 in Spellcasting
  3815 | D:4      | Killed Robin
  3838 | D:4      | Noticed Purgy
  3839 | D:4      | Noticed Grinder
  3848 | D:4      | Paralysed by Grinder for 3 turns
  3858 | D:4      | Killed Grinder
  3890 | D:4      | Reached XP level 8. HP: 43/43 MP: 3/21
  4043 | D:4      | Found a hazy altar of Hepliaklqana.
  4088 | D:4      | Noticed Nattefrost's ghost (novice HuHu)
  4109 | D:4      | Killed Duvessa
  4109 | D:4      | Reached skill level 8 in Spellcasting
  4118 | D:4      | Killed Dowan
  4118 | D:4      | Reached skill level 5 in Conjurations
  4354 | D:4      | Killed Purgy
  4422 | D:4      | Noticed Eustachio
  4907 | D:4      | Found a shadowy altar of Dithmenos.
  5252 | D:4      | Killed Eustachio
  5252 | D:4      | Reached skill level 9 in Spellcasting
  5280 | D:4      | Found a staircase to the Ecumenical Temple.
  5286 | Temple   | Entered the Ecumenical Temple
  5307 | Temple   | Became a worshipper of Sif Muna the Loreminder
  5364 | D:5      | Entered Level 5 of the Dungeon
  5618 | D:5      | Found a sparkling altar of Nemelex Xobeh.
  5730 | D:5      | Found a glowing drain.
  5745 | Sewer    | Entered a sewer
  5948 | Sewer    | Reached * piety under Sif Muna
  6818 | D:5      | Reached XP level 9. HP: 47/47 MP: 14/24
  6977 | D:5      | Found Ycosijul's Armour Shop.
  7626 | D:6      | Reached skill level 10 in Spellcasting
  7796 | D:6      | Reached ** piety under Sif Muna
  8565 | D:6      | Found a radiant altar of Vehumet.
  8921 | D:6      | Reached skill level 11 in Spellcasting
  9210 | D:7      | Found an iron altar of Okawaru.
  9262 | D:7      | Reached *** piety under Sif Muna
  9650 | D:7      | Reached XP level 10. HP: 19/52 MP: 15/27
 10156 | D:7      | Reached skill level 12 in Spellcasting
 10445 | D:7      | Reached **** piety under Sif Muna
 11119 | D:7      | Found Qifeagg's Armour Shoppe.
 11360 | D:8      | Found a shimmering altar of Xom.
 11386 | D:8      | Reached skill level 10 in Fire Magic
 11800 | D:8      | Found an iron altar of Okawaru.
 12081 | D:8      | Found a staircase to the Lair.
 12897 | D:9      | Found a stormy altar of Qazlal.
 12945 | D:9      | Found an ancient bone altar of Kikubaaqudgha.
 13018 | D:9      | Noticed a two-headed ogre
 13042 | D:9      | Killed a two-headed ogre
 13042 | D:9      | Reached skill level 13 in Spellcasting
 13042 | D:9      | Reached skill level 10 in Conjurations
 13042 | D:9      | Reached XP level 11. HP: 56/56 MP: 0/30
 13576 | D:9      | Reached ***** piety under Sif Muna
 13891 | D:10     | Entered Level 10 of the Dungeon
 13939 | D:10     | Identified Mabeurog's Grimoire of Lucky Evil (Sif Muna gifted it to you on level 10 of the Dungeon)
 13939 | D:10     | Received a gift from Sif Muna
 14409 | D:10     | Noticed Josephine
 14448 | D:10     | Killed Josephine
 14589 | D:10     | Reached skill level 14 in Spellcasting
 16192 | D:9      | Learned a level 3 spell: Dazzling Spray
 16465 | D:11     | Reached skill level 1 in Long Blades
 17124 | D:11     | Noticed a fire dragon
 17124 | D:11     | Killed from afar by a fire dragon

Vault maps used:
D:1:      saegor_arrival_fortress, nicolae_ashenzari_panopticon
D:2:      nicolae_overflow_crystal_walls, first_bread
D:3:      serial_bayou_lake_a, uniq_ijyb, uniq_sigmund, uniq_natasha
D:4:      old_standard_altar, lemuel_doored_altar, minmay_temple_entry_hall,
          uniq_duvessa, uniq_robin, uniq_menkaure, uniq_eustachio, uniq_purgy,
          uniq_grinder
D:5:      nemelex_xobeh_ov_fountains_minmay, serial_shops,
          nicolae_shop_statue_plus, gup_sewer_entry_pipe, water_boxes_lemuel
D:6:      lemuel_crystal_altar
D:7:      minmay_the_grid_square_5x5_3x3, okawaru_humans, serial_shops,
          kennysheep_little_box, serial_undead, serial_undead_d,
          serial_undead_f, serial_undead_b, serial_undead_b, serial_undead_a,
          serial_undead_f
D:8:      old_standard_altar, david_lair_shrubbed, basic_altar
D:9:      lemuel_crystal_altar, kiku_gazebo_pond_becter
D:10:     uniq_josephine
Temple:   cyrus_circular_temple
Sewer:    sewer_minmay_treatment

Skill      XL: |  1  2  3  4  5  6  7  8  9 10 11 |
---------------+----------------------------------+-----
Fire Magic     | 4 5 6 7 9 10 11 | 11.7
Stealth        | 3 4 |  4.8
Spellcasting   | 4 5 6 7 9 11 13 14 | 14.4
Conjurations   | 2 3 4 6 8 10 11 | 11.2
Fighting       | 1 |  1.3
Dodging        | 3 |  3.9
Long Blades    | 1 |  1.0

Action                   |  1- 3 |  4- 6 |  7- 9 | 10-12 || total
-------------------------+-------+-------+-------+-------++-------
Melee: Dagger            |     2 |     3 |       |       ||     5
       Falchion          |       |       |    17 |    17 ||    34
 Cast: Flame Tongue      |    58 |    96 |   394 |   322 ||   870
       Throw Flame       |       |     2 |    51 |   100 ||   153
       Conjure Flame     |       |     3 |    29 |    21 ||    53
       Fireball          |       |       |     7 |    39 ||    46
       Dazzling Spray    |       |       |       |     2 ||     2
  Use: Scroll            |       |       |     5 |     5 ||    10
  Eat: Chunk             |     2 |     6 |    19 |    17 ||    44
       Fruit             |       |       |     1 |     4 ||     5
       Royal jelly       |       |       |       |     2 ||     2
Armor: Robe              |     2 |     4 |    17 |    22 ||    45
Dodge: Dodged            |    22 |    26 |    69 |    62 ||   179
Block: Other             |       |       |       |     2 ||     2
       Rpst.: Falchion   |       |     2 |    18 |    15 ||    35

Table legend:
 A = Spawn XP
 B = Non-spawn XP
 C = Spawn XP percentage of total XP
 D = Spawn monster count
 E = Non-spawn monster count
 F = Spawn count percentage of total count
 G = Total turns spent on level
                    A         B        C        D         E        F      G
               +---------+---------+-------+---------+---------+-------+---------
         Total |       0 |   19362 |   0.0 |       0 |     393 |   0.0 | 17124
               +---------+---------+-------+---------+---------+-------+---------
           D:1 |       0 |      45 |   0.0 |       0 |      24 |   0.0 |  1143
           D:2 |       0 |      79 |   0.0 |       0 |      17 |   0.0 |   766
           D:3 |       0 |     536 |   0.0 |       0 |      35 |   0.0 |  1676
           D:4 |       0 |    1478 |   0.0 |       0 |      35 |   0.0 |  1886
           D:5 |       0 |     546 |   0.0 |       0 |      30 |   0.0 |  1447
           D:6 |       0 |    1718 |   0.0 |       0 |      38 |   0.0 |  1478
           D:7 |       0 |    3703 |   0.0 |       0 |      51 |   0.0 |  2015
           D:8 |       0 |    1195 |   0.0 |       0 |      16 |   0.0 |  1255
           D:9 |       0 |    3754 |   0.0 |       0 |      41 |   0.0 |  1701
          D:10 |       0 |    4169 |   0.0 |       0 |      33 |   0.0 |  2068
          D:11 |       0 |    1850 |   0.0 |       0 |      25 |   0.0 |   774
         Sewer |       0 |     289 |   0.0 |       0 |      48 |   0.0 |   878
               +---------+---------+-------+---------+---------+-------+---------
